 Dungeon Crawl Stone Soup version 0.25-a0-667-gb977e01cb5 (webtiles) character file.

Game seed: 10856783897786188145, levelgen mode: deterministic

11 MisterFreud the Skirmisher (level 2, 0/15 HPs)
             Began as a Felid Abyssal Knight on Mar 27, 2020.
             Was an Initiate of Lugonu.
             Slain by a goblin
             ... wielding a +0 club
              (2 damage)
             ... on level 1 of the Dungeon.
             The game lasted 00:02:10 (273 turns).

MisterFreud the Skirmisher (Felid Abyssal Knight)    Turns: 273, Time: 00:02:11

Health: 0/15       AC:  1    Str:  8    XL:     2   Next: 13%
Magic:  4/4        EV: 18    Int: 13    God:    Lugonu [......]
Gold:   15         SH:  0    Dex: 15    Spells: 1/1 levels left
                                        Lives:  0   Deaths: 0

rFire    . . .     SeeInvis +     - Unarmed
rCold    . . .     Gourm    .   (shield unavailable)
rNeg     . . .     Faith    .   (armour unavailable)
rPois    .         Spirit   .   (helmet unavailable)
rElec    .         Reflect  .   (cloak unavailable)
rCorr    .         Harm     .   (gloves unavailable)
MR       .....     Rnd*Tele +   (boots unavailable)
Stlth    ++........             (no amulet)
HPRegen  0.05/turn              c - ring of teleportation (curse)
MPRegen  0.09/turn              (no ring)

@: quick
A: very small, no armour, no weapons or thrown items, stealth, claws 1, fangs 3,
see invisible, carnivore, speed 1, shaggy fur 1, slow metabolism 1, sharp paws
a: Renounce Religion


You were on level 1 of the Dungeon.
You worshipped Lugonu.
Lugonu was noncommittal.
You were not hungry.

You visited 1 branch of the dungeon, and saw 2 of its levels.
You visited the Abyss 1 time.

You collected 15 gold pieces.

Inventory:

Jewellery
 c - a cursed ring of teleportation (left paw)
Scrolls
 d - a scroll of identify {unknown}
Potions
 b - a potion of magic {unknown}
 e - a potion of curing {unknown}
Comestibles
 a - a ration


   Skills:
 * Level 3.6 Fighting
 - Level 3.2 Dodging
 - Level 2.0 Unarmed Combat
 - Level 1.7 Invocations


You had one spell level left.
You didn't know any spells.
Your spell library was empty.

Dungeon Overview and Level Annotations

Branches:
Dungeon (2/15)

Altars:


Innate Abilities, Weirdness & Mutations

You cannot wear armour.
You are incapable of wielding weapons or throwing items.
Your paws allow you to move quietly. (Stealth)
You have sharp claws.
You have razor-sharp teeth.
You have supernaturally acute eyesight. (SInv)
You are carnivorous and can eat meat at any time.
You cover ground quickly.
You are covered in fur. (AC +1)
You have a slow metabolism.
Your sharp claws are effective at attacking unaware monsters.


Message History

The jackal is almost dead.
The jackal closely misses you.
You barely miss the jackal.
The jackal is almost dead.
The jackal closely misses you. The jackal bites you.
* * * LOW HITPOINT WARNING * * *
You scratch the jackal.
You kill the jackal!
Lugonu accepts your kill.
You scratch the goblin.
The goblin is heavily wounded.
The goblin completely misses you.
You closely miss the goblin.
The goblin is heavily wounded.
The goblin hits you with a +0 club.
* * * LOW HITPOINT WARNING * * *
You scratch the goblin but do no damage.
The goblin is heavily wounded.
The goblin hits you with a +0 club.
You die...

#####.# ... .....#
..# #
#####..######g####...
#........h†..h.......
#......######........
######.# #........ #
###.##†# #........ #
##....#g# #.....### #
#.....#@# #.....# #
#...###.# #.....# ##
#....##.# #.....# .#
#....##.# #.....# .#
##...#.#.# .##
##...####.# ..###
##....####.# ....#
#....##..#.# #.###
#...)#..##.#


You could see a goblin.

Vanquished Creatures
  A bat (D:1)
  A hobgoblin (D:1)
  4 jackals (D:1)
  A kobold (D:1)
  A frilled lizard (D:1)
  A rat (D:1)
9 creatures vanquished.

Notes
Turn   | Place    | Note
-------+----------+-------------------------------------------
     0 | Abyss:1  | MisterFreud the Felid Abyssal Knight began the quest for
                  | the Orb.
     0 | Abyss:1  | Reached XP level 1. HP: 10/10 MP: 3/3
    36 | Abyss:1  | Noticed a chaos spawn
    38 | D:1      | Escaped the Abyss
   167 | D:2      | Noticed a scorpion
   261 | D:1      | Reached XP level 2. HP: 7/14 MP: 4/4
   273 | D:1      | Slain by a goblin

Levels and vault maps discovered:
D:1:      dpeg_arrival_arbitrary_a, layout_basic
D:2:      layout_loops_cross, first_ration, chequers_serial_rivers_micro_d,
          nicolae_ru_great_annihilating_truth

Action                   || total
-------------------------++-------
Melee: Unarmed           ||    31
       Punch             ||     1
Invok: Depart the Abyss  ||     1
  Eat: Chunk             ||     1
Armor: Skin              ||     4
Dodge: Dodged            ||    26

Table legend:
 A = Non-vault XP
 B = Vault XP
 C = Vault XP percentage of total XP
 D = Non-vault monster count
 E = Vault monster count
 F = Vault count percentage of total count
                 A         B        C        D         E       F
            +---------+---------+-------+---------+---------+-------
      Total |      16 |       0 |   0.0 |       9 |       0 |   0.0
            +---------+---------+-------+---------+---------+-------
        D:1 |      16 |       0 |   0.0 |       9 |       0 |   0.0
            +---------+---------+-------+---------+---------+-------
